AoeStats
← forsan

Arabia

510879260Analyzed
2v2 RM · 8h ago on Oct 2, 2026· 54m 11s· 4 players
Game mode
Random Map
Map size
Medium (4 player)
Population
200
Speed
Normal
Resources
Standard
Victory
Conquest
Starting age
Dark Age
Ending age
Imperial Age
RankedLock teamsTeams togetherTeam positionsShared explorationLock speedFull tech treeHidden civsTurbo modeCheats
Victory
Defeat
🇲🇰 Khmer · North Macedonia
864
+14
🇲🇰 Armenians · North Macedonia
832
+15
🇺🇸 Varangians · United States
915
-18
🇺🇸 Franks · United States
726
-11
Repent and Believe
7:20 Loom
13:18 Feudal Age
16:59 Forging
16:56 Scale Barding Armor
16:51 Gold Mining
19:34 Wheelbarrow
24:03 Castle Age
22:44 Stone Mining
26:49 Iron Casting
28:48 Chain Barding Armor
37:47 Imperial Age
36:49 Arson
37:13 Murder Holes
39:26 Ballistics
40:56 Chivalry
42:33 Cavalier
53:42 Elite Throwing Axeman
JonnyRebb
3:57 Loom
10:46 Feudal Age
11:16 Man-at-Arms
12:26 Scale Mail Armor
13:45 Wheelbarrow
13:27 Double-Bit Axe
17:13 Arson
23:21 Horse Collar
27:54 Castle Age
26:00 Fletching
28:12 Long Swordsman
30:34 Hand Cart
32:35 Squires
32:24 Gambesons
36:00 Chain Mail Armor
38:43 Town Watch
41:31 Bodkin Arrow
Deckembar
5:53 Loom
10:56 Feudal Age
11:29 Double-Bit Axe
11:27 Horse Collar
11:40 Gold Mining
16:01 Bloodlines
20:52 Forging
21:36 Scale Barding Armor
23:46 Stone Mining
26:51 Castle Age
25:06 Fletching
26:00 Wheelbarrow
28:27 Husbandry
29:06 Iron Casting
28:52 Chain Barding Armor
29:20 Bow Saw
29:34 Heavy Plow
31:01 Gold Shaft Mining
34:12 Tusk Swords
35:03 Bodkin Arrow
41:24 Imperial Age
39:13 Hand Cart
45:24 Plate Barding Armor
45:51 Blast Furnace
44:52 Bracer
45:31 Elite Battle Elephant
49:28 Conscription
48:31 Elite Ballista Elephant
49:12 Double Crossbow
48:35 Capped Ram
49:59 Devotion
50:25 Murder Holes
50:41 Masonry
50:36 Siege Engineers
51:33 Chemistry
50:53 Ballistics
50:44 Fortified Wall
49:58 Siege Ram
51:06 Town Watch
51:53 Crop Rotation
52:02 Stone Shaft Mining
53:15 Coinage
53:44 Faith
53:56 Architecture
54:30 Hoardings
54:12 Herbal Medicine
54:28 Town Patrol
forsan
8:04 Loom
10:12 Feudal Age
11:42 Double-Bit Axe
12:06 Man-at-Arms
16:58 Forging
18:23 Scale Mail Armor
18:34 Long Swordsman
20:31 Wheelbarrow
25:00 Castle Age
23:43 Arson
24:19 Horse Collar
24:34 Gold Mining
25:21 Two-Handed Swordsman
25:47 Gambesons
25:54 Gambesons
26:12 Squires
29:07 Iron Casting
29:10 Chain Mail Armor
28:41 Pikeman
36:08 Champion
46:27 Halberdier
52:03 Hand Cart
55:14 Imperial Age
Connection lost

Rejoining the realm…

Still unreachable

The connection could not be restored.

Session expired

The server has moved on; the page needs a fresh start.